Map: Frozen Temple

Players

Miszu - Winner!

  • Race: Terran Terran
  • League: Master

Gremory

  • Race: Zerg Zerg
  • League: Master

VOD

Have the link to the VOD?

Description

Time

  • Played on: April 2, 2016, 9:34 a.m.
  • Length: 2:21
Show
View Real Time Build Order
Export as new Build Order

Miszu Terran - Winner!

Build Orders:  

Get SALT Encoding   

  12  0:00  SCV  
  13  0:12  SCV  
  14  0:18  Supply Depot  
  14  0:25  SCV  
  15  0:40  SCV  
  16  0:45  Barracks  
  16  0:57  Barracks  
  16  1:08  Barracks  
  16  1:32  Marine  
  17  1:35  Barracks  
  17  1:44  Marine  
  17  1:45  Supply Depot  
  18  1:50  Marine  
  19  2:01  Marine  
  20  2:02  Marine  
Show
View Real Time Build Order
Export as new Build Order

Gremory Zerg 

Build Orders: Hatch First 

Get SALT Encoding   

  12  0:01  Drone  
  13  0:13  Overlord  
  13  0:18  Drone  
  14  0:32  Drone x2  
  16  0:36  Drone  
  17  0:55  Hatchery  
  16  1:00  Drone x2  
  16  1:04  Extractor  
  17  1:07  Drone  
  18  1:18  Drone  
  19  1:31  Overlord  
  19  1:51  Spawning Pool  
  18  1:55  Drone  
  18  1:57  Drone  
Tags
 
Add a new tag
Caveats
  • Supply blocks, unpowered buildings, or Contaminate may cause inaccurate times.
  • Supply counts are checked every 10 seconds.